 Dungeon Crawl Stone Soup version 0.31-a0-180-g519b7de00c (webtiles) character file.

Game seed: 10004060557341924064

188 qw the Shooter (level 5, -2/49 HPs)
             Began as a Naga Hunter on June 20, 2023.
             Slain by Pikel
             ... wielding a +1 whip of flaming
              (3 damage)
             ... on level 4 of the Dungeon.
             The game lasted 00:00:48 (1900 turns).

qw the Shooter (Naga Hunter)                        Turns: 1900, Time: 00:00:48

Health: -2/49      AC:  7    Str: 13    XL:     5   Next: 67%
Magic:  5/5        EV: 14    Int:  9    God:
Gold:   83         SH:  0    Dex: 17    Spells: 4/4 levels left

rFire   . . .        Y - +1 shortbow
rCold   + . .        (shield currently unavailable)
rNeg    . . .        c - +0 leather armour
rPois   +            (no helmet)
rElec   .            (no cloak)
rCorr   .            (no gloves)
SInv    +            (no barding)
Will    .....        (no amulet)
Stlth   ++           j - +4 ring of protection
HPRegen 0.28/turn    k - ring "Filu" {rC+ EV+5}
MPRegen 0.09/turn

%: no passive effects
@: very slow
A: AC +1, large, see invisible, deformed body, poison resistance, slowness 2,
spit poison 1, naga tail 1
a: Spit Poison


You were on level 4 of the Dungeon.
You visited 1 branch of the dungeon, and saw 4 of its levels.

You collected 83 gold pieces.


Innate Abilities, Weirdness & Mutations

Your serpentine skin is tough. (AC +1)
You have supernaturally acute eyesight. (SInv)
Armour fits poorly on your strangely shaped body.
Your system is resistant to poisons. (rPois)
You cover ground very slowly.
You can spit poison.
You have a snake-like lower body.


   Skills:
 - Level 3.0 Fighting
 + Level 5.7 Ranged Weapons
 - Level 1.5 Dodging
 - Level 1.5 Stealth


You had 4 spell levels left.
You didn't know any spells.
Your spell library was empty.

Inventory:

Hand Weapons
 Y - a +1 shortbow (weapon)
Armour
 c - a +0 leather armour (worn)
Jewellery
 j - a +4 ring of protection (left hand)
 k - the ring "Filu" (right hand) {rC+ EV+5}
   (You found it on level 3 of the Dungeon)

   [ring of evasion]

   EV:        It affects your evasion (+5).
   rC:        It protects you from cold.
Scrolls
 a - 2 scrolls of enchant armour
 b - a scroll of identify
Potions
 d - a potion of curing
 f - a potion of haste
 h - a potion of lignification {unknown}

Dungeon Overview and Level Annotations

Branches:
Dungeon (4/15)
 Temple: D:4-7

Altars:
Kikubaaqudgha
Ru
Xom

Annotations:
D:4 Pikel


Message History

Pikel is moderately wounded.
The lemure looks more healthy.
Pikel closely misses you.
Pikel hits you with a +1 whip of flaming!
Pikel burns you.
You shoot an arrow.
The arrow hits Pikel but does no damage.
Pikel is moderately wounded.
Pikel completely misses you.
You shoot an arrow. The arrow hits Pikel!
Pikel is heavily wounded.
You have got your breath back.
Pikel hits you with a +1 whip of flaming.
Pikel burns you.
Pikel hits you with a +1 whip of flaming.
Pikel burns you.
1897 ||| INVOKING Spit Poison.
Aiming: Spit Poison (1% risk of failure)
Press: ? - help, Shift-Dir - straight line, f/p - Pikel The splash of poison hits Pikel but does no damage.
Pikel is poisoned.
Pikel is heavily wounded.
Pikel hits you but does no damage.
Pikel hits you with a +1 whip of flaming.
Pikel burns you.
You shoot an arrow. The arrow barely misses Pikel.
The arrow closely misses the lemure.
Pikel hits you with a +1 whip of flaming!
Pikel burns you.
You shoot an arrow. The arrow barely misses Pikel.
The arrow hits the lemure.
The lemure is moderately wounded.
Pikel closely misses you.
Pikel hits you with a +1 whip of flaming.
Pikel burns you.
You shoot an arrow.
The arrow hits Pikel but does no damage.
Pikel is heavily wounded.
You have got your breath back.
Pikel misses you.
Pikel hits you with a +1 whip of flaming.
You die...

#### #.. #.# #
####.# #[ #.%.@###
#####.#####.#..K5#
............#.##5#
####....####.. 5..
####)# ..## .##
#####.# .#.# ..
#.....# .#.. ..
#.###### #.. #.:
#.# ###


You could see Pikel (fast, poisoned) and 3 lemures.

Vanquished Creatures
  A scorpion (D:4)
  An orc wizard (D:4)
  3 adders
  A worm (D:3)
  3 dart slugs
  5 orcs
  A bat (D:1)
  6 endoplasms
  5 giant cockroaches
  4 goblins
  6 hobgoblins
  3 jackals (D:1)
  2 quokkas
  5 ball pythons
  3 frilled lizards
  4 kobolds
  6 rats
59 creatures vanquished.

Notes
Turn   | Place    | Note
-------+----------+-------------------------------------------
     0 | D:1      | qw the Naga Hunter began the quest for the Orb.
     0 | D:1      | Reached XP level 1. HP: 19/19 MP: 1/1
     0 | D:1      | 0 ||| qw: Version: 0.3-a-9-g12657ce
     0 | D:1      | 0 ||| qw: Game counter: 1126
     0 | D:1      | 0 ||| qw: Always use a shield: true
     0 | D:1      | 0 ||| qw: God list: Okawaru
     0 | D:1      | 0 ||| qw: Allow faded altars: false
     0 | D:1      | 0 ||| qw: Do Orc after D:15 true
     0 | D:1      | 0 ||| qw: Do second Lair branch before Depths: true
     0 | D:1      | 0 ||| qw: Lair rune preference: random
     0 | D:1      | 0 ||| qw: Plans: Normal
     0 | D:1      | 0 ||| PLANNING D:1-11
    16 | D:1      | 16 ||| INVOKING Spit Poison.
    31 | D:1      | 31 ||| INVOKING Spit Poison.
   147 | D:1      | 147 ||| INVOKING Spit Poison.
   285 | D:1      | 285 ||| INVOKING Spit Poison.
   290 | D:1      | Reached skill level 4 in Ranged Weapons
   290 | D:1      | Reached XP level 2. HP: 26/26 MP: 2/2
   301 | D:1      | 301 ||| INVOKING Spit Poison.
   309 | D:1      | 309 ||| INVOKING Spit Poison.
   321 | D:1      | 321 ||| INVOKING Spit Poison.
   375 | D:1      | 375 ||| INVOKING Spit Poison.
   385 | D:1      | 385 ||| INVOKING Spit Poison.
   396 | D:1      | 396 ||| FLEEEEING.
   397 | D:1      | 397 ||| FLEEEEING.
   403 | D:1      | 403 ||| INVOKING Spit Poison.
   417 | D:1      | 417 ||| INVOKING Spit Poison.
   508 | D:1      | 508 ||| INVOKING Spit Poison.
   540 | D:1      | 540 ||| INVOKING Spit Poison.
   552 | D:1      | 552 ||| INVOKING Spit Poison.
   555 | D:1      | Reached XP level 3. HP: 32/32 MP: 3/3
   556 | D:1      | 556 ||| INVOKING Spit Poison.
   561 | D:1      | 561 ||| INVOKING Spit Poison.
   570 | D:1      | 570 ||| INVOKING Spit Poison.
   597 | D:1      | 597 ||| INVOKING Spit Poison.
   721 | D:1      | 721 ||| READING 2 scrolls labelled UMPAMU VUNUONN.
   722 | D:1      | 722 ||| READING scroll labelled RIRPHY LAYVIES.
   723 | D:1      | 723 ||| DROPPING scroll of butterflies.
   752 | D:2      | 752 ||| INVOKING Spit Poison.
   817 | D:2      | 817 ||| INVOKING Spit Poison.
   821 | D:2      | 821 ||| INVOKING Spit Poison.
   831 | D:2      | 831 ||| INVOKING Spit Poison.
   861 | D:2      | 861 ||| INVOKING Spit Poison.
   873 | D:2      | Found a faded altar of an unknown god.
   874 | D:2      | 874 ||| INVOKING Spit Poison.
   971 | D:2      | 971 ||| INVOKING Spit Poison.
  1123 | D:2      | 1123 ||| READING 2 scrolls labelled FIZXUH ELUDAA.
  1124 | D:2      | 1124 ||| READING scroll labelled ORIUPHOUZU.
  1163 | D:3      | 1163 ||| INVOKING Spit Poison.
  1166 | D:3      | 1166 ||| INVOKING Spit Poison.
  1169 | D:3      | 1169 ||| INVOKING Spit Poison.
  1171 | D:3      | Reached skill level 5 in Ranged Weapons
  1172 | D:3      | Reached XP level 4. HP: 39/39 MP: 4/4
  1235 | D:3      | Found a shimmering altar of Xom.
  1250 | D:3      | 1250 ||| INVOKING Spit Poison.
  1256 | D:3      | 1256 ||| INVOKING Spit Poison.
  1272 | D:3      | 1272 ||| INVOKING Spit Poison.
  1426 | D:3      | 1426 ||| INVOKING Spit Poison.
  1428 | D:3      | Identified the ring "Filu" {rC+ EV+5}
  1436 | D:3      | 1436 ||| INVOKING Spit Poison.
  1441 | D:3      | 1441 ||| INVOKING Spit Poison.
  1451 | D:3      | 1451 ||| INVOKING Spit Poison.
  1594 | D:3      | 1594 ||| INVOKING Spit Poison.
  1651 | D:3      | Found an ancient bone altar of Kikubaaqudgha.
  1669 | D:3      | Found a sacrificial altar of Ru.
  1678 | D:3      | 1678 ||| INVOKING Spit Poison.
  1694 | D:3      | 1694 ||| INVOKING Spit Poison.
  1700 | D:3      | Reached skill level 3 in Fighting
  1701 | D:3      | 1701 ||| INVOKING Spit Poison.
  1815 | D:3      | 1815 ||| DROPPING ring of wizardry.
  1816 | D:3      | 1816 ||| UPGRADING to +4 ring of protection.
  1817 | D:3      | 1817 ||| UPGRADING to ring "Filu" {rC+ EV+5}.
  1818 | D:3      | 1818 ||| READING scroll labelled DACLOI JON NECW.
  1819 | D:3      | 1819 ||| READING scroll labelled ZAAMUKEJUI.
  1820 | D:3      | 1820 ||| READING 2 scrolls of identify.
  1820 | D:3      | 1820 ||| IDENTIFYING pink potion
  1840 | D:4      | 1840 ||| Stepping ~*~*~tactically~*~*~ (outnumbered).
  1841 | D:4      | 1841 ||| INVOKING Spit Poison.
  1848 | D:4      | 1848 ||| INVOKING Spit Poison.
  1853 | D:4      | Reached XP level 5. HP: 44/49 MP: 5/5
  1879 | D:4      | 1879 ||| INVOKING Spit Poison.
  1885 | D:4      | Noticed a lemure
  1885 | D:4      | Noticed Pikel
  1885 | D:4      | Noticed a lemure
  1886 | D:4      | 1886 ||| INVOKING Spit Poison.
  1889 | D:4      | Noticed a lemure
  1890 | D:4      | Noticed a lemure
  1892 | D:4      | 1892 ||| INVOKING Spit Poison.
  1897 | D:4      | 1897 ||| INVOKING Spit Poison.
  1898 | D:4      | HP: 9/49 [Pikel/+1 whip of flaming (10)]
  1899 | D:4      | HP: 2/49 [Pikel/+1 whip of flaming (5)]
  1900 | D:4      | Slain by Pikel

Levels and vault maps discovered:
D:1:      lemuel_arrival_hallway, layout_basic
D:2:      layout_basic, basic_ecumenical_altar
D:3:      layout_loops_ring, mainiacjoe_overflow_swirl,
          mainiacjoe_overflow_boulevard, kennysheep_big_empty_room,
          serial_bayou_pond_c
D:4:      layout_basic, kennysheep_mini, serial_shops, shop,
          gammafunk_ghost_gnarly_gnolls, uniq_pikel

Skill      XL: |  1  2  3  4 |
---------------+-------------+-----
Ranged Weapons | 4 5 |  5.7
Fighting       | 3 |  3.0
Dodging        | |  1.5
Stealth        | |  1.5

Action                     |  1- 3 |  4- 6 || total
---------------------------+-------+-------++-------
   Fire: Shortbow          |    65 |    57 ||   122
Ability: Spit Poison       |    28 |    17 ||    45
    Use: Scroll            |     4 |     3 ||     7
 Armour: Leather armour    |     1 |    10 ||    11
  Dodge: Dodged            |     8 |    14 ||    22

Table legend:
 A = Non-vault XP
 B = Vault XP
 C = Vault XP percentage of total XP
 D = Non-vault monster count
 E = Vault monster count
 F = Vault count percentage of total count
                 A         B        C        D         E       F
            +---------+---------+-------+---------+---------+-------
      Total |     269 |       0 |   0.0 |      59 |       0 |   0.0
            +---------+---------+-------+---------+---------+-------
        D:1 |      46 |       0 |   0.0 |      25 |       0 |   0.0
        D:2 |      28 |       0 |   0.0 |       8 |       0 |   0.0
        D:3 |      67 |       0 |   0.0 |      22 |       0 |   0.0
        D:4 |     128 |       0 |   0.0 |       4 |       0 |   0.0
            +---------+---------+-------+---------+---------+-------
